 Dungeon Crawl Stone Soup version 0.24.0-35-gdb84b6a5db (webtiles) character file.

Game seed: 8633005138730803911, levelgen mode: deterministic

179 Emblim88 the Grave Robber (level 5, -1/38 HPs)
             Began as a Demonspawn Necromancer on Nov 17, 2019.
             Slain by an orc
             ... wielding a +0 flail
              (9 damage)
             ... on level 3 of the Dungeon.
             The game lasted 00:06:08 (2633 turns).

Emblim88 the Grave Robber (Demonspawn Necromancer)  Turns: 2633, Time: 00:06:08

Health: -1/38      AC:  6    Str: 10    XL:     5   Next: 32%
Magic:  9/9        EV: 12    Int: 16    God:
Gold:   192        SH:  0    Dex: 13    Spells: 3/10 levels left

rFire    . . .     SeeInvis .   l - +2 dagger (venom)
rCold    . . .     Gourm    .   (no shield)
rNeg     . . .     Faith    .   a - +0 robe
rPois    .         Spirit   .   (no helmet)
rElec    .         Reflect  .   (no cloak)
rCorr    .         Harm     .   b - +0 pair of gloves
MR       .....                  (no boots)
Stlth    ++........             (no amulet)
HPRegen  0.12/turn              (no ring)
MPRegen  0.11/turn              (no ring)

@: no status effects
A: slimy green scales 2
a: no special abilities


You were on level 3 of the Dungeon.
You were not hungry.

You visited 1 branch of the dungeon, and saw 3 of its levels.

You collected 192 gold pieces.

Inventory:

Hand Weapons
 e - a +0 hunting sling
 j - a +2 dagger of draining
 l - a +2 dagger of venom (weapon)
Missiles
 f - 65 stones (quivered)
Armour
 a - a +0 robe (worn)
 b - a +0 pair of gloves (worn)
Scrolls
 d - 2 scrolls of identify {unknown}
 h - a scroll of enchant armour {unknown}
 i - a scroll of teleportation {unknown}
 k - 2 scrolls of amnesia {unknown}
Comestibles
 c - 3 rations


   Skills:
 * Level 1.9 Fighting
 * Level 0.4 Short Blades
 + Level 1.1 Slings
 + Level 2.2 Dodging
 - Level 1.7 Stealth
 + Level 3.1 Spellcasting
 * Level 0.3 Charms
 + Level 5.5 Necromancy


You had 3 spell levels left.
You knew the following spells:

 Your Spells              Type           Power        Failure   Level  Hunger
a - Pain                  Necr           ###.         1%          1    None
b - Vampiric Draining     Necr           ###.......   6%          3    ###....
c - Regeneration          Chrm/Necr      ##........   17%         3    ###....

Your spell library contained the following spells:

 Spells                   Type           Power        Failure   Level  Hunger
 Animate Skeleton         Necr           N/A          1%          1    None
 Animate Dead             Necr           N/A          19%         4    ####...


Dungeon Overview and Level Annotations

Branches:
Dungeon (3/15)

Altars:
Nemelex Xobeh


Innate Abilities, Weirdness & Mutations

You are mostly covered in slimy green scales. (AC +3)


Message History

The bat barely misses you.
You kill the kobold!
The bat hits you but does no damage. x2; The bat misses you.
You miss the bat. The bat hits you but does no damage. x2
The orc hits you with a +0 flail.
You barely miss the bat. The bat misses you. The orc hits you with a +0 flail.
You hit the orc.
The orc is poisoned.
The orc is heavily wounded.
The bat completely misses you.
You closely miss the bat. The bat closely misses you.
The orc completely misses you. The bat barely misses you. x2
The bat completely misses you. The orc hits you with a +0 flail.
* * * LOW HITPOINT WARNING * * *
You hit the orc priest but do no damage.
The orc priest is poisoned.
The bat barely misses you.
The orc priest hits you with a +0 dagger.
* * * LOW HITPOINT WARNING * * *
The orc hits you with a +0 flail!
You die...

#.. #..#...........
.#..###..............
................>......
.......................
.......................
.............##..s.....
..........).<.)....%...
.............##o.#.....
.............o@b.......
..............#........
....................$..
..............#...#....
....(....#....#...#....
..............#...# $..
.............#...... ..
...................#.
....................


You could see an orc priest, an orc, a giant cockroach and a bat.

Vanquished Creatures
  An orc wizard (D:2)
  Jessica (D:2)
  Terence (D:3)
  2 adders
  An ooze (D:2)
  A worm (D:2)
  2 dart slugs
  A leopard gecko (D:2)
  3 orcs (D:2)
  6 giant cockroaches
  7 goblins
  5 hobgoblins
  6 bats
  A frilled lizard (D:1)
  2 kobolds
  4 rats
44 creatures vanquished.

Vanquished Creatures (others)
  An orc wizard (D:2)
1 creature vanquished.

Grand Total: 45 creatures vanquished

Notes
Turn   | Place    | Note
-------+----------+-------------------------------------------
     0 | D:1      | Emblim88 the Demonspawn Necromancer began the quest for the
                  | Orb.
     0 | D:1      | Reached XP level 1. HP: 13/13 MP: 3/3
   466 | D:1      | Gained mutation: You are partially covered in slimy green
                  | scales. (AC +2) [demonic ancestry]
   466 | D:1      | Reached XP level 2. HP: 17/19 MP: 3/5
  1346 | D:2      | Reached skill level 5 in Necromancy
  1380 | D:2      | Found a sparkling altar of Nemelex Xobeh.
  1380 | D:2      | Noticed Jessica
  1387 | D:2      | Killed Jessica
  1387 | D:2      | Reached XP level 3. HP: 5/25 MP: 4/6
  1683 | D:2      | Reached skill level 1 in Fighting
  1683 | D:2      | Reached XP level 4. HP: 27/32 MP: 2/8
  1692 | D:2      | Reached skill level 1 in Slings
  2396 | D:2      | Gained mutation: You are mostly covered in slimy green
                  | scales. (AC +3) [demonic ancestry]
  2396 | D:2      | Reached XP level 5. HP: 38/38 MP: 9/9
  2402 | D:2      | Learned a level 3 spell: Vampiric Draining
  2406 | D:2      | Learned a level 3 spell: Regeneration
  2583 | D:3      | Noticed Terence
  2609 | D:3      | Killed Terence
  2633 | D:3      | Slain by an orc

Levels and vault maps discovered:
D:1:      wander_arrival_fairy_ring, layout_loops_cross, minmay_misc_feat_tower
D:2:      layout_loops_ring, first_ration, nemelex_lonely_heart_becter
D:3:      layout_basic, lemuel_coloured_pillars_altar, uniq_terence

Skill      XL: |  1  2  3  4 |
---------------+-------------+-----
Necromancy     | 5 |  5.5
Dodging        | 2 |  2.2
Fighting       | 1 |  1.9
Slings         | 1 |  1.1
Spellcasting   | 3 |  3.1
Short Blades   | |  0.4
Stealth        | |  1.7
Charms         | |  0.3

Action                   |  1- 3 |  4- 6 || total
-------------------------+-------+-------++-------
Melee: Unarmed           |     9 |       ||     9
       Dagger            |    20 |    66 ||    86
 Fire: Hunting sling     |    19 |       ||    19
 Cast: Pain              |    34 |       ||    34
  Use: Potion            |     3 |       ||     3
 Stab: Sleeping          |     1 |     3 ||     4
  Eat: Chunk             |     1 |     1 ||     2
       Ration            |     1 |       ||     1
Armor: Robe              |    25 |    33 ||    58
       Skin              |       |    29 ||    29
Dodge: Dodged            |    32 |    54 ||    86
